cohdb
Replays
Latest Replays
All Replays
Popular Replays
Top Player Replays
Match Explorer
How It Works
Community
CoH3 Stats
Reddit
Sign in to upload your games and track your stats! →
Sign in with Steam
Match 44721202
Unlisted
Match 44721202
Overview
Messages
Build Orders
End
Construct Infanterie Kompanie
Kettenkrad Recon Vehicle
Grenadier Squad
MG 42 Machine Gun Team
Grenadier Squad
Grenadier Squad
Selects Breakthrough Battlegroup
Selects Assault Grenadiers
Selects Smoke Bombing Run
Construct Panzergrenadier Kompanie
251 Medium Carrier
Medical Station
Pak 40 Anti-tank Gun Team
Construct Panzer Kompanie
Grenadier Squad
Panzergrenadier Squad
Pioneer Squad
Grenadier Squad
Panzer IV Medium Tank
Selects Rapid Production
Selects Blitzkrieg
Panzer IV Medium Tank
Selects Tiger Heavy Tank
Tiger Heavy Tank
Selects Incendiary Bombing Run
Incendiary Bombing Run
Panzer IV Medium Tank
Panzer Officer Quarters
Side Skirts
Incendiary Bombing Run
Incendiary Bombing Run
LoopDloop
^3
0
0
Comments
sign in to comment!
No comments posted yet!